Workbook

Sheet Cover
A1: Walmart Variance Model
A3: Prepared for: Executive Review
A5: As of: 2025-12-14 16:43:34
A7: Contents:
A8: • Actuals_10K
A9: • Forecasts_Analyst
A10: • Guidance_Mgmt
A11: • Variance_FY2023
A12: • Variance_FY2024
A13: • Variance_FY2025
A14: • Outlook_FY2026
A15: • Executive_Summary

Sheet Executive_Summary
A1: Executive Summary
A3: Latest Actual Year | B3: =MAX(Actuals_10K!A2:A100)
A4: Latest Actual Revenues (USD Mil) | B4: =INDEX(Actuals_10K!B:B, MATCH(B3, Actuals_10K!A:A, 0))
A5: Latest Actual Operating Income (USD Mil) | B5: =INDEX(Actuals_10K!C:C, MATCH(B3, Actuals_10K!A:A, 0))
A6: Latest Actual Net Income (USD Mil) | B6: =INDEX(Actuals_10K!D:D, MATCH(B3, Actuals_10K!A:A, 0))
A7: Latest Actual Diluted EPS (USD) | B7: =INDEX(Actuals_10K!E:E, MATCH(B3, Actuals_10K!A:A, 0))
A8: Analyst FY2026 Revenue (USD Mil) | B8: =Outlook_FY2026!B2
A9: Analyst FY2026 Operating Income (USD Mil) | B9: =Outlook_FY2026!C2
A10: Analyst FY2026 Net Income (USD Mil) | B10: =Outlook_FY2026!D2
A11: Analyst FY2026 EPS (USD) | B11: =Outlook_FY2026!E2
A12: Mgmt FY2026 EPS (Low) | B12: =Outlook_FY2026!F2
A13: Mgmt FY2026 EPS (High) | B13: =Outlook_FY2026!G2

Sheet Actuals_10K
A1: Year | B1: Total_Revenues_Mil | C1: Operating_Income_Mil | D1: Net_Income_Attrib_Walmart_Mil | E1: Diluted_EPS_USD
A2: 2023 | B2: 611289 | C2: 20428 | D2: 11680 | E2: 4.27
A3: 2024 | B3: 648125 | C3: 27012 | D3: 15511 | E3: 1.91
A4: 2025 | B4: 680985 | C4: 29348 | D4: 19436 | E4: 2.41

Sheet Forecasts_Analyst
A1: Year | B1: Revenue_Forecast_Mil | C1: Operating_Income_Forecast_Mil | D1: Net_Income_Forecast_Mil | E1: Diluted_EPS_Forecast_USD | F1: Source_Report
A2: 2024 | B2: 643388 | C2: 26771 | D2: 14498 | E2: =5.38/3 | F2: Morningstar Feb 2024 (as of 17 Nov 2023)
A3: 2025 | B3: 682711 | C3: 29906 | D3: 19632 | E3: 2.43 | F3: Morningstar Feb 2025 (as of 20 Nov 2024)
A4: 2026 | B4: 705653 | C4: 31817 | D4: 21751 | E4: 2.72 | F4: Morningstar Feb 2025 Forecast Revisions (20 Nov 2024)

Sheet Guidance_Mgmt
A1: Fiscal_Year | B1: Metric | C1: Guidance_Low | D1: Guidance_High | E1: Units | F1: Notes
A2: 2026 | B2: Adjusted EPS | C2: 2.5 | D2: 2.6 | E2: USD per share | F2: From Q4 FY2025 call: adjusted EPS range for FY2026
A3: 2026 | B3: CapEx as % of Sales | C3: 3 | D3: 3.5 | E3: % of sales | F3: From Q4 FY2025 call: CapEx expected 3–3.5% of sales
A4: 2026 | B4: Net Sales Growth (ccy) | C4: 3 | D4: 4 | E4: % YoY | F4: From Q4 FY2025 call: consolidated net sales growth in constant currency
A5: 2026 | B5: Operating Income Growth (ccy) | C5: 4 | D5: 6 | E5: % YoY | F5: From Q4 FY2025 call: operating income growth in constant currency

Sheet Variance_FY2023
A1: Metric | B1: Forecast | C1: Actual | D1: Variance_$ | E1: Variance_%
A2: Total Revenues (USD Mil) | B2: 607031 | C2: 611289 | D2: =C2-B2 | E2: =IF(B2=0,0,(C2-B2)/B2)
A3: Operating Income (USD Mil) | B3: 24339 | C3: 24602 | D3: =C3-B3 | E3: =IF(B3=0,0,(C3-B3)/B3)
A4: Net Income attrib. Walmart (USD Mil) | B4: 9987 | C4: 11680 | D4: =C4-B4 | E4: =IF(B4=0,0,(C4-B4)/B4)
A5: Diluted EPS (USD) | B5: =3.66/3 | C5: 1.42 | D5: =C5-B5 | E5: =IF(B5=0,0,(C5-B5)/B5)

Sheet Variance_FY2024
A1: Metric | B1: Forecast | C1: Actual | D1: Variance_$ | E1: Variance_%
A2: Total Revenues (USD Mil) | B2: =Forecasts_Analyst!B2 | C2: =Actuals_10K!B3 | D2: =C2-B2 | E2: =IF(B2=0,0,(C2-B2)/B2)
A3: Operating Income (USD Mil) | B3: =Forecasts_Analyst!C2 | C3: =Actuals_10K!C3 | D3: =C3-B3 | E3: =IF(B3=0,0,(C3-B3)/B3)
A4: Net Income attrib. Walmart (USD Mil) | B4: =Forecasts_Analyst!D2 | C4: =Actuals_10K!D3 | D4: =C4-B4 | E4: =IF(B4=0,0,(C4-B4)/B4)
A5: Diluted EPS (USD) | B5: =Forecasts_Analyst!E2 | C5: =Actuals_10K!E3 | D5: =C5-B5 | E5: =IF(B5=0,0,(C5-B5)/B5)
D6: =C6-B6 | E6: =IF(B6=0,0,(C6-B6)/B6)
D7: =C7-B7 | E7: =IF(B7=0,0,(C7-B7)/B7)
D8: =C8-B8 | E8: =IF(B8=0,0,(C8-B8)/B8)

Sheet Variance_FY2025
A1: Metric | B1: Forecast | C1: Actual | D1: Variance_$ | E1: Variance_%
A2: Total Revenues (USD Mil) | B2: =Forecasts_Analyst!B3 | C2: =Actuals_10K!B4 | D2: =C2-B2 | E2: =IF(B2=0,0,(C2-B2)/B2)
A3: Operating Income (USD Mil) | B3: =Forecasts_Analyst!C3 | C3: =Actuals_10K!C4 | D3: =C3-B3 | E3: =IF(B3=0,0,(C3-B3)/B3)
A4: Net Income attrib. Walmart (USD Mil) | B4: =Forecasts_Analyst!D3 | C4: =Actuals_10K!D4 | D4: =C4-B4 | E4: =IF(B4=0,0,(C4-B4)/B4)
A5: Diluted EPS (USD) | B5: =Forecasts_Analyst!E3 | C5: =Actuals_10K!E4 | D5: =C5-B5 | E5: =IF(B5=0,0,(C5-B5)/B5)

Sheet Outlook_FY2026
A1: Metric | B1: Value
A2: Revenue (USD Mil) | B2: =Forecasts_Analyst!B4
A3: Operating Income (USD Mil) | B3: =Forecasts_Analyst!C4
A4: Net Income (USD Mil) | B4: =Forecasts_Analyst!D4
A5: Analyst Diluted EPS (USD) | B5: =Forecasts_Analyst!E4
A6: Mgmt Adjusted EPS Low (USD) | B6: =Guidance_Mgmt!C2
A7: Mgmt Adjusted EPS High (USD) | B7: =Guidance_Mgmt!D2
